 Dungeon Crawl Stone Soup version 0.23-b1-59-g586d0d887c (webtiles) character file.

Game seed: 75145182935429873

14 Esekla the Magician (level 2, -3/21 HPs)
             Began as a Formicid Wanderer on Feb 4, 2019.
             Slain by an orc
             ... wielding a +0 mace
              (8 damage)
             ... on level 3 of the Dungeon.
             The game lasted 00:06:39 (779 turns).

Esekla the Magician (Formicid Wanderer)              Turns: 779, Time: 00:06:40

Health: -3/21      AC:  2    Str: 15    XL:     2   Next: 55%
Magic:  1/6        EV: 16    Int: 11    God:
Gold:   7          SH:  0    Dex: 11    Spells: 7/8 levels left

rFire    . . .     SeeInvis +   e - +0 dagger
rCold    . . .     Gourm    .   (no shield)
rNeg     . . .     Faith    .   c - +0 robe
rPois    .         Spirit   .   (helmet unavailable)
rElec    .         Reflect  .   (no cloak)
rCorr    .         Harm     .   (no gloves)
MR       .....                  (no boots)
Stlth    ++........             (no amulet)
HPRegen  0.07/turn              d - +5 ring of evasion
MPRegen  0.10/turn              (no ring)

@: very slightly contaminated
A: permanent stasis, dig shafts and tunnels, four strong arms, antennae 3
a: Dig, Shaft Self


You were on level 3 of the Dungeon.
You were not hungry.

You visited 1 branch of the dungeon, and saw 3 of its levels.

You collected 7 gold pieces.

Inventory:

Hand Weapons
 e - a +0 dagger (weapon)
Armour
 c - a +0 robe (worn)
Jewellery
 d - a +5 ring of evasion (left hand)
 g - an uncursed ring of ice
Scrolls
 a - a scroll of identify {unknown}
 b - a scroll of blinking {unknown}
Comestibles
 f - 2 rations


   Skills:
 * Level 1.4 Fighting
 - Level 2.4 Stealth
 + Level 3.5 Spellcasting
 * Level 0.3 Conjurations
   Level 2.4 Hexes
   Level 3.0 Charms


You had 7 spell levels left.
You knew the following spells:

 Your Spells              Type           Power        Failure   Level  Hunger
a - Magic Dart            Conj           #...         22%         1    #......

Your spell library contained the following spells:

 Spells                   Type           Power        Failure   Level  Hunger
 Slow                     Hex            #.......     14%         2    ###....
 Beastly Appendage        Tmut           #.....       26%         1    #......
 Call Imp                 Summ           #.......     36%         2    ###....
 Conjure Flame            Conj/Fire      #.......     56%         3    ###....
 Mephitic Cloud           Conj/Pois/Air  #.......     56%         3    ###....
 Ignite Poison            Fire/Tmut/Pois #.......     58%         3    ###....
 Blink                    Tloc           Unusable     N/A         2    N/A

Dungeon Overview and Level Annotations

Branches:
Dungeon (2/15)

Altars:

Annotations:
D:2 Sigmund


Innate Abilities, Weirdness & Mutations

You cannot be hasted, slowed, berserked, paralysed or teleported.
You can dig through walls and to a lower floor.
Your four strong arms can wield two-handed weapons with a shield.
You have a pair of large antennae on your head. (SInv)


Message History

You barely miss the orc.
The orc is almost dead.
The orc hits you with a +0 mace.
* * * LOW HITPOINT WARNING * * *
Casting: Magic Dart (safe; 22% risk of failure)
Confirm with . or Enter, or press ? or * to list all spells.
Aiming: Magic Dart (safe; 22% risk of failure)
Press: ? - help, Shift-Dir - straight line, f/p - orc
Aim: an orc, wielding a +0 mace and wearing a +0 ring mail (almost dead)
The magic dart hits the orc but does no damage.
The orc is almost dead.
The orc barely misses you.
Casting: Magic Dart (safe; 22% risk of failure)
Confirm with . or Enter, or press ? or * to list all spells.
Aiming: Magic Dart (safe; 22% risk of failure)
Press: ? - help, Shift-Dir - straight line, f/p - orc
Aim: an orc, wielding a +0 mace and wearing a +0 ring mail (almost dead)
You miscast Magic Dart.
Nothing appears to happen.
The orc hits you with a +0 mace!
You die...

########.# #.........
##### #.######..
#...###.##...#
#............#
#...###........ ##.##
#........ #.#
#........
####@####........
#..o....####...#.
#.##.##.# #### #.
#.##.##.# #.#
#.##.##.# #.#
#.##.##.# ###.####
#.##.##.# .......#
#.##.#...
###....######.##....#


You could see an orc.

Vanquished Creatures
  A dart slug (D:3)
  A leopard gecko (D:1)
  A giant cockroach (D:3)
  A goblin (D:1)
  3 hobgoblins
  A quokka (D:3)
  A rat (D:1)
9 creatures vanquished.

Notes
Turn   | Place    | Note
-------+----------+-------------------------------------------
     0 | D:1      | Esekla the Formicid Wanderer began the quest for the Orb.
     0 | D:1      | Esekla set off with the following items: a +0 robe, a +0
                  | club, a +0 dagger, a ration; and the following spells
                  | available to memorise: Slow, Beastly Appendage, Magic Dart,
                  | Call Imp, Conjure Flame, Ignite Poison, Mephitic Cloud
     0 | D:1      | Reached XP level 1. HP: 13/13 MP: 4/4
     2 | D:1      | Learned a level 1 spell: Magic Dart
   159 | D:1      | Reached skill level 1 in Fighting
   179 | D:1      | Reached XP level 2. HP: 6/21 MP: 3/6
   459 | D:2      | Noticed Sigmund
   463 | D:2      | You fall through a shaft!
   779 | D:3      | Slain by an orc

Skill      XL: |  1 |
---------------+----+-----
Fighting       | 1 |  1.4
Stealth        | |  2.4
Spellcasting   | |  3.5
Conjurations   | |  0.3
Hexes          | |  2.4
Charms         | |  3.0

Action                   || total
-------------------------++-------
Melee: Dagger            ||    45
 Cast: Magic Dart        ||    14
 Abil: Shaft Self        ||     1
 Stab: Sleeping          ||     2
Armor: Robe              ||     4
Dodge: Dodged            ||    27
